Knights vs Harfangs

Created - March 20, 2018 at 19:12

Goals
1 2 3 T
Knights 2 3 3 8
Harfangs 3 1 0 4
Shots
1 2 3 T
Knights 11 16 13 40
Harfangs 16 18 6 40

1st period

1. Harfangs , Dylan Olsen 5 (Tomas Kubalik 35, Cody Eakin 42) at 5:47 (PP)
2. Knights , Michael Raffl 28 (Cody Bass 30) at 13:12
3. Harfangs , Brandon Saad 12 (Dennis Everberg 18, Dylan Olsen 20) at 16:33
4. Harfangs , Brandon Pirri 12 (Dustin Jeffrey 23, Tomas Kubalik 36) at 17:11
5. Knights , Jimmy Hayes 40 (Scott Jackson 3) at 19:26

Penalties :
Tom Wilson (Lon) for Hooking (Minor) at 5:27, Dustin Jeffrey (BEA) for Holding Stick (Minor) at 7:02

2nd period

6. Knights , A.J. Jenks 8 (Kevin Hayes 16) at 2:53 (PP)
7. Harfangs , Dustin Jeffrey 18 (Calle Jarnkrok 34) at 5:19
8. Knights , Tomas Kundratek 2 (Jared Spurgeon 29) at 10:36
9. Knights , Kevin Hayes 19 (A.J. Jenks 16, Noel Acciari 23) at 19:09 (PP)

Penalties :
Calle Jarnkrok (BEA) for Elbowing (Minor) at 2:18, Zach Trotman (Lon) for High sticking (Double Minor) at 11:19, Alex Plante (BEA) for Hooking (Minor) at 18:25

3rd period

10. Knights , A.J. Jenks 9 (Kevin Hayes 17, Noel Acciari 24) at 10:05
11. Knights , Tomas Kundratek 3 (Cody Bass 31, Michael Raffl 47) at 12:35 (PP)
12. Knights , Jordan Martinook 6 (Zach Trotman 16, Linden Vey 15) at 18:10

Penalties :
Cody Bass (Lon) for Hooking (Minor) at 2:32, Dylan Olsen (BEA) for Interference (Minor) at 10:47, Kevin Hayes (Lon) for Delaying the game (Minor) at 15:38

Goalie Stats

Ben Scrivens (Lon), 36 saves from 40 shots - (0.900), W, 20-20-5, 60:00 minutes
Andrew Hammond (BEA), 32 saves from 40 shots - (0.800), L, 26-17-3, 60:00 minutes

Players Stats for Knights

Player Name              G  A  P  +/- PIM S  H  SB GA TA FO     MP     PP MP  PK MP  
------------------------------------------------------------------------------------
A.J. Jenks               2  1  3   1  0   4  2  0  1  0  0/0    15:33   1:37   0:00 
Alan Quine               0  0  0   0  0   0  0  0  0  0  1/2     6:30   0:00   0:00 
Brendan Gaunce           0  0  0   0  0   0  0  0  0  0  0/0     0:10   0:10   0:00 
Brett Connolly           0  0  0   0  0   0  0  0  0  0  0/0     0:10   0:10   0:00 
Cody Bass                0  2  2   1  2   2  1  0  0  0  12/35  21:08   3:19   1:40 
Collin Miller            0  0  0   0  0   0  0  0  0  0  0/0     0:00   0:00   0:00 
David Shields            0  0  0   0  0   0  0  0  0  0  0/0     1:54   0:00   1:42 
Jaccob Slavin            0  0  0   0  0   1  0  0  0  0  0/0     5:08   0:00   0:00 
Jacob Trouba             0  0  0   1  0   0  1  1  0  0  0/0     9:42   0:00   0:44 
Jared Spurgeon           0  1  1   0  0   2  2  1  0  3  0/0    25:31   3:53   4:00 
Jimmy Hayes              1  0  1   1  0   3  3  0  0  0  4/8    23:07   3:19   4:14 
Jordan Martinook         1  0  1   0  0   1  0  0  0  0  0/0    10:16   0:00   0:15 
Kevin Hayes              1  2  3   1  2   6  0  0  0  0  2/2    17:30   1:37   1:46 
Linden Vey               0  1  1   0  0   4  2  0  0  0  1/1    12:40   0:00   2:15 
Matt Grzelcyk            0  0  0   0  0   0  0  0  0  0  0/0     0:37   0:00   0:37 
Michael Matheson         0  0  0   0  0   0  0  0  0  1  0/0     5:08   0:00   0:00 
Michael Raffl            1  1  2   1  0   4  0  0  1  1  1/1    23:13   3:29   4:10 
Nikita Nikitin           0  0  0   1  0   1  2  3  0  1  0/0    19:39   1:13   3:33 
Noel Acciari             0  2  2   1  0   4  2  0  0  0  7/14   16:20   1:37   0:47 
Scott Jackson            0  1  1   1  0   0  0  0  0  0  0/0     8:46   0:00   0:00 
Scott Wilson             0  0  0   0  0   1  0  0  0  1  0/0     8:21   0:00   1:27 
Stefan Matteau           0  0  0   0  0   0  1  1  2  0  3/7    10:01   0:00   0:00 
Tom Wilson               0  0  0   0  2   0  1  0  0  0  0/0     6:29   0:00   0:00 
Tomas Kundratek          2  0  2   0  0   5  1  1  1  1  0/0    25:31   3:53   4:00 
Zach Trotman             0  1  1   1  4   2  1  1  0  0  0/0    18:15   1:13   1:58 

Players Stats for Harfangs

Player Name              G  A  P  +/- PIM S  H  SB GA TA FO     MP     PP MP  PK MP  
------------------------------------------------------------------------------------
Alex Plante              0  0  0  -1  2   0  1  0  0  0  0/0     6:23   0:00   0:00 
Andreas Martinsen        0  0  0   0  0   4  2  0  0  0  0/0     9:19   0:13   0:23 
Angelo Esposito          0  0  0   0  0   0  1  0  1  0  2/2     8:36   0:00   0:00 
Boone Jenner             0  0  0   0  0   0  2  0  0  1  2/5    10:25   0:13   0:18 
Brandon Pirri            1  0  1   0  0   3  2  1  0  0  0/1    14:46   2:32   0:00 
Brandon Saad             1  0  1   0  0   2  0  1  0  1  0/0     9:54   0:00   0:00 
Brenden Kichton          0  0  0   0  0   0  0  0  0  0  0/0     0:31   0:31   0:00 
Brian Lashoff            0  0  0  -1  0   2  0  0  1  0  0/0    26:37   4:04   3:48 
Calle Jarnkrok           0  1  1   0  2   2  1  0  0  0  9/15   14:45   2:32   0:00 
Cody Eakin               0  1  1  -2  0   4  2  2  0  0  22/40  23:51   4:56   3:30 
Cristoval Nieves         0  0  0   0  0   0  0  0  0  0  0/0     0:36   0:00   0:36 
Dennis Everberg          0  1  1   0  0   2  0  0  0  0  0/0    10:48   0:33   0:00 
Dustin Jeffrey           1  1  2   0  2   4  1  0  0  0  0/0    15:29   2:32   0:37 
Dylan Olsen              1  1  2   0  2   3  1  0  0  0  0/0    17:57   3:42   0:55 
Jake Dotchin             0  0  0   0  0   0  0  0  0  0  0/0     0:54   0:31   0:23 
Joel Armia               0  0  0   0  0   0  0  0  0  0  0/0     1:13   0:52   0:00 
Mark Alt                 0  0  0   0  0   0  1  1  0  0  0/0     8:07   0:00   0:00 
Michal Repik             0  0  0   0  0   2  0  0  0  0  0/0     8:36   0:00   0:00 
Nathan Beaulieu          0  0  0   0  0   2  0  1  0  0  0/0    18:21   3:42   1:18 
Nick Holden              0  0  0   0  0   0  0  0  0  0  0/0     8:07   0:00   0:00 
Reid McNeill             0  0  0  -1  0   0  1  0  0  0  0/0     6:24   0:00   0:00 
Sebastian Wannstrom      0  0  0   0  0   0  0  0  0  0  0/0     0:57   0:36   0:00 
Tomas Kubalik            0  2  2  -2  0   2  1  2  2  0  1/3    21:46   4:56   1:18 
Victor Bartley           0  0  0  -1  0   1  0  3  4  3  0/0    26:37   4:04   3:48 
Vojtech Polak            0  0  0  -2  0   7  5  1  0  0  3/4    23:51   4:56   3:30 

3 Stars

1 - A.J. Jenks (Lon)
2 - Tomas Kundratek (Lon)
3 - Kevin Hayes (Lon)

Power Play

Knights - 3 on 4 Attempt(s) - 75.00%
Harfangs - 1 on 5 Attempt(s) - 20.00%

Penalty Kill

Knights - 4 on 5 Attempt(s) - 80.00% - Score 0 goal in Penalty Kill
Harfangs - 1 on 4 Attempt(s) - 25.00% - Score 0 goal in Penalty Kill

Team Stat

Knights - Hits : 19 - Faceoff Wins : 31 - Blocked Shots : 8 - Penalty Minutes : 10
Harfangs - Hits : 21 - Faceoff Wins : 39 - Blocked Shots : 12 - Penalty Minutes : 8

Official

Referees : Rooney Chris and O'Halloran Dan
Linesman : Jean Morin and Don Henderson

Game Notes

No Game Note

Finance

Level 1 -- Attendance: 1464 (73.20%) -- Ticket Income $49,776
Level 2 -- Attendance: 717 (71.70%) -- Ticket Income $13,623
Total Attendance: 2181 (72.70%)
Total Ticket Income: $63,399
Other Income: $3,170
Total Income: $66,569

Knights

5 vs 5 Forward 
   Center                   Left Wing                Right Wing               Time % Phy DF OF 
 1 Cody Bass                Michael Raffl            Jimmy Hayes              40     1   2  2  
 2 Noel Acciari             A.J. Jenks               Kevin Hayes              30     1   2  2  
 3 Stefan Matteau           Jordan Martinook         Linden Vey               20     1   2  2  
 4 Alan Quine               Scott Wilson             Tom Wilson               10     1   2  2  

5 vs 5 Defense 
   Defense                  Defense                                           Time % Phy DF OF 
 1 Tomas Kundratek          Jared Spurgeon                                    40     1   2  2  
 2 Nikita Nikitin           Zach Trotman                                      30     1   2  2  
 3 Scott Jackson            Jacob Trouba                                      20     1   2  2  
 4 Michael Matheson         Jaccob Slavin                                     10     1   2  2  

PowerPlay Forward 
   Center                   Left Wing                Right Wing               Time % Phy DF OF 
 1 Cody Bass                Michael Raffl            Jimmy Hayes              60     1   2  2  
 2 Noel Acciari             A.J. Jenks               Kevin Hayes              40     1   2  2  

PowerPlay Defense
   Defense                  Defense                                           Time % Phy DF OF 
 1 Tomas Kundratek          Jared Spurgeon                                    60     1   2  2  
 2 Nikita Nikitin           Zach Trotman                                      40     1   2  2  

Penalty Kill 4 Players Forward 
   Center                   Wing                     Time % Phy DF OF 
 1 Jimmy Hayes              Michael Raffl            60     1   2  2  
 2 Cody Bass                Kevin Hayes              40     1   2  2  

Penalty Kill 4 Players Defense
   Defense                  Defense                  Time % Phy DF OF 
 1 Tomas Kundratek          Jared Spurgeon           60     1   2  2  
 2 Nikita Nikitin           Zach Trotman             40     1   2  2  

Penalty Kill - 3 Players Forward 
   Forward                                           Time % Phy DF OF 
 1 Jimmy Hayes                                       60     1   2  2  
 2 Michael Raffl                                     40     1   2  2  

Penalty Kill - 3 Players Defense
   Defense                  Defense                  Time % Phy DF OF 
 1 Tomas Kundratek          Jared Spurgeon           60     1   2  2  
 2 Nikita Nikitin           Zach Trotman             40     1   2  2  

4 vs 4 Forward 
   Center                   Wing                     Time % Phy DF OF 
 1 Jimmy Hayes              Michael Raffl            60     1   2  2  
 2 Cody Bass                Kevin Hayes              40     1   2  2  

4 vs 4 Defense
   Defense                  Defense                  Time % Phy DF OF 
 1 Tomas Kundratek          Jared Spurgeon           60     1   2  2  
 2 Nikita Nikitin           Zach Trotman             40     1   2  2  

Last Minutes Offensive
   Center                   Left Wing                Right Wing               Defense                  Defense                  
   Cody Bass                Michael Raffl            Jimmy Hayes              Tomas Kundratek          Jared Spurgeon           

Last Minutes Defensive
   Center                   Left Wing                Right Wing               Defense                  Defense                  
   Cody Bass                Michael Raffl            Jimmy Hayes              Tomas Kundratek          Jared Spurgeon           

Goaltenders
Starting : Ben Scrivens             
Backup : Connor Knapp             

Extra Forwards
Normal : Brett Connolly, Brendan Gaunce, Linden Vey - PP : Brett Connolly, Brendan Gaunce - PK : Linden Vey
Extra Defensemen
Normal : Collin Miller, David Shields, Matt Grzelcyk - PP : Collin Miller - PK : David Shields, Matt Grzelcyk
Penalty Shots
Jimmy Hayes, Michael Raffl, Cody Bass, Kevin Hayes, Linden Vey

Scratches
Jordan Weal (Healthy), Matt Puempel (Healthy), Matthew Benning (Healthy), Travis Boyd (Healthy), Magnus Hellberg (Healthy)

Harfangs

5 vs 5 Forward 
   Center                   Left Wing                Right Wing               Time % Phy DF OF 
 1 Cody Eakin               Vojtech Polak            Tomas Kubalik            40     1   2  2  
 2 Calle Jarnkrok           Dustin Jeffrey           Brandon Pirri            30     1   2  2  
 3 Boone Jenner             Brandon Saad             Dennis Everberg          20     1   2  2  
 4 Angelo Esposito          Andreas Martinsen        Michal Repik             10     1   2  2  

5 vs 5 Defense 
   Defense                  Defense                                           Time % Phy DF OF 
 1 Victor Bartley           Brian Lashoff                                     40     1   2  2  
 2 Nathan Beaulieu          Dylan Olsen                                       30     1   2  2  
 3 Nick Holden              Mark Alt                                          20     1   2  2  
 4 Alex Plante              Reid McNeill                                      10     1   2  2  

PowerPlay Forward 
   Center                   Left Wing                Right Wing               Time % Phy DF OF 
 1 Cody Eakin               Vojtech Polak            Tomas Kubalik            60     1   2  2  
 2 Calle Jarnkrok           Dustin Jeffrey           Brandon Pirri            40     1   2  2  

PowerPlay Defense
   Defense                  Defense                                           Time % Phy DF OF 
 1 Victor Bartley           Brian Lashoff                                     60     1   2  2  
 2 Nathan Beaulieu          Dylan Olsen                                       40     1   2  2  

Penalty Kill 4 Players Forward 
   Center                   Wing                     Time % Phy DF OF 
 1 Cody Eakin               Vojtech Polak            60     1   2  2  
 2 Tomas Kubalik            Dustin Jeffrey           40     1   2  2  

Penalty Kill 4 Players Defense
   Defense                  Defense                  Time % Phy DF OF 
 1 Victor Bartley           Brian Lashoff            60     1   2  2  
 2 Nathan Beaulieu          Dylan Olsen              40     1   2  2  

Penalty Kill - 3 Players Forward 
   Forward                                           Time % Phy DF OF 
 1 Cody Eakin                                        60     1   2  2  
 2 Vojtech Polak                                     40     1   2  2  

Penalty Kill - 3 Players Defense
   Defense                  Defense                  Time % Phy DF OF 
 1 Victor Bartley           Brian Lashoff            60     1   2  2  
 2 Nathan Beaulieu          Dylan Olsen              40     1   2  2  

4 vs 4 Forward 
   Center                   Wing                     Time % Phy DF OF 
 1 Cody Eakin               Vojtech Polak            60     1   2  2  
 2 Tomas Kubalik            Dustin Jeffrey           40     1   2  2  

4 vs 4 Defense
   Defense                  Defense                  Time % Phy DF OF 
 1 Victor Bartley           Brian Lashoff            60     1   2  2  
 2 Nathan Beaulieu          Dylan Olsen              40     1   2  2  

Last Minutes Offensive
   Center                   Left Wing                Right Wing               Defense                  Defense                  
   Cody Eakin               Vojtech Polak            Tomas Kubalik            Victor Bartley           Brian Lashoff            

Last Minutes Defensive
   Center                   Left Wing                Right Wing               Defense                  Defense                  
   Cody Eakin               Vojtech Polak            Tomas Kubalik            Victor Bartley           Brian Lashoff            

Goaltenders
Starting : Andrew Hammond           
Backup : Anton Forsberg           

Extra Forwards
Normal : Joel Armia, Sebastian Wannstrom, Cristoval Nieves - PP : Joel Armia, Sebastian Wannstrom - PK : Cristoval Nieves
Extra Defensemen
Normal : Brenden Kichton, Jake Dotchin, Nick Holden - PP : Brenden Kichton - PK : Jake Dotchin, Nick Holden
Penalty Shots
Cody Eakin, Vojtech Polak, Tomas Kubalik, Dustin Jeffrey, Brandon Pirri

Scratches
Colton Sissons (Healthy), John Macfarland (Healthy), Jujhar Khaira (Healthy), Brendan Leipsic (Healthy), Jason Kasdorf (Healthy)
Mark Visentin (Healthy), Scott Wedgewood (Healthy)

% Time on Ice - Knights

Lines # - Real PCT - Wanted PCT - Time Play
Normal Forward
1 - 34% - 40% - 15:58
2 - 30% - 30% - 14:08
3 - 21% - 20% - 10:01
4 - 14% - 10% - 6:30
Normal Defense
1 - 38% - 40% - 17:38
2 - 32% - 30% - 15:05
3 - 19% - 20% - 8:46
4 - 11% - 10% - 5:08
PP Forward
1 - 68% - 60% - 3:29
2 - 32% - 40% - 1:37
PP Defense
1 - 76% - 60% - 3:53
2 - 24% - 40% - 1:13
PK Forward
1 - 71% - 60% - 5:52
2 - 29% - 40% - 2:25
PK Defense
1 - 48% - 60% - 4:00
2 - 52% - 40% - 4:17
PK3 Forward
1 - 0% - 60%
2 - 0% - 40%
PK3 Defense
1 - 0% - 60%
2 - 0% - 40%
44 Forward
1 - 0% - 60%
2 - 0% - 40%
44 Defense
1 - 0% - 60%
2 - 0% - 40%
Last Minute Offensive  - 0:00
Last Minute Defensive  - 0:00
Total
Forward - 60:00
Defense - 60:00

% Time on Ice - Harfangs

Lines # - Real PCT - Wanted PCT - Time Play
Normal Forward
1 - 34% - 40% - 15:46
2 - 26% - 30% - 12:21
3 - 21% - 20% - 9:54
4 - 18% - 10% - 8:36
Normal Defense
1 - 40% - 40% - 18:45
2 - 29% - 30% - 13:21
3 - 17% - 20% - 8:07
4 - 14% - 10% - 6:24
PP Forward
1 - 67% - 60% - 5:32
2 - 33% - 40% - 2:45
PP Defense
1 - 55% - 60% - 4:35
2 - 45% - 40% - 3:42
PK Forward
1 - 75% - 60% - 3:48
2 - 25% - 40% - 1:18
PK Defense
1 - 75% - 60% - 3:48
2 - 25% - 40% - 1:18
PK3 Forward
1 - 0% - 60%
2 - 0% - 40%
PK3 Defense
1 - 0% - 60%
2 - 0% - 40%
44 Forward
1 - 0% - 60%
2 - 0% - 40%
44 Defense
1 - 0% - 60%
2 - 0% - 40%
Last Minute Offensive  - 0:00
Last Minute Defensive  - 0:00
Total
Forward - 60:00
Defense - 60:00

Play by Play

1st period


0:01 of 1st period - Cody Eakin wins face-off versus Cody Bass in neutral zone.
0:16 of 1st period - Wrist shot by Tomas Kubalik.
0:16 of 1st period - Deflect By Jared Spurgeon.
0:16 of 1st period - Shot Blocked by Tomas Kundratek.
0:16 of 1st period - Puck is out of play.
0:17 of 1st period - Calle Jarnkrok wins face-off versus Noel Acciari in Knights zone.
0:45 of 1st period - Off-side.
0:46 of 1st period - Boone Jenner wins face-off versus Stefan Matteau in neutral zone.
1:02 of 1st period - Wrist shot by Jordan Martinook.
1:02 of 1st period - Shot Blocked by Brandon Saad.
1:16 of 1st period - Snap shot by Tomas Kubalik.
1:16 of 1st period - Shot Misses the Net.
1:38 of 1st period - Slapshot by Tomas Kundratek.
1:38 of 1st period - Deflect By Alan Quine.
1:38 of 1st period - Shot Misses the Net.
1:38 of 1st period - Puck is out of play.
1:39 of 1st period - Angelo Esposito wins face-off versus Noel Acciari in Harfangs zone.
2:13 of 1st period - Snap shot by Scott Wilson.
2:13 of 1st period - Shot Blocked by Victor Bartley.
3:57 of 1st period - Snap shot by Michal Repik.
3:57 of 1st period - Shot Misses the Net.
4:03 of 1st period - Slapshot by Victor Bartley.
4:03 of 1st period - Deflect By Andreas Martinsen.
4:03 of 1st period - Stopped by Ben Scrivens without a rebound.
4:04 of 1st period - Cody Eakin wins face-off versus Stefan Matteau in Knights zone.
4:17 of 1st period - Snap shot by Vojtech Polak.
4:17 of 1st period - Shot Blocked by Nikita Nikitin.
4:19 of 1st period - Snap shot by Tomas Kubalik.
4:19 of 1st period - Shot Misses the Net.
4:29 of 1st period - Calle Jarnkrok is hit by A.J. Jenks and loses puck.
4:34 of 1st period - Snap shot by Kevin Hayes.
4:34 of 1st period - Deflect By A.J. Jenks.
4:34 of 1st period - Shot Blocked by Nathan Beaulieu.
4:34 of 1st period - Puck is out of play.
4:35 of 1st period - Calle Jarnkrok wins face-off versus Noel Acciari in Harfangs zone.
4:48 of 1st period - Wrist shot by Brandon Pirri.
4:48 of 1st period - Stopped by Ben Scrivens with a rebound.
5:27 of 1st period - Minor Penalty to Tom Wilson for Hooking.
5:28 of 1st period - Cody Eakin wins face-off versus Jimmy Hayes in Knights zone.
5:30 of 1st period - Backhand shot by Vojtech Polak.
5:30 of 1st period - Stopped by Ben Scrivens without a rebound.
5:31 of 1st period - Cody Eakin wins face-off versus Jimmy Hayes in Knights zone.
5:47 of 1st period - Wrist shot by Dylan Olsen.
5:47 of 1st period - Goal by Dylan Olsen - Knights : 0 - Harfangs : 1.
5:48 of 1st period - Noel Acciari wins face-off versus Cody Eakin in neutral zone.
6:15 of 1st period - Tomas Kundratek is hit by Brandon Pirri and loses puck.
6:20 of 1st period - Snap shot by Calle Jarnkrok.
6:20 of 1st period - Stopped by Ben Scrivens without a rebound.
6:21 of 1st period - Stefan Matteau wins face-off versus Calle Jarnkrok in Knights zone.
6:21 of 1st period - Stefan Matteau is hit by Brandon Pirri.
6:47 of 1st period - Calle Jarnkrok is hit by Zach Trotman and loses puck.
7:00 of 1st period - Wrist shot by Cody Bass.
7:00 of 1st period - Deflect By Michael Raffl.
7:00 of 1st period - Stopped by Andrew Hammond with a rebound.
7:02 of 1st period - Minor Penalty to Dustin Jeffrey for Holding Stick.
7:03 of 1st period - Cody Eakin wins face-off versus Cody Bass in Harfangs zone.
8:02 of 1st period - Dylan Olsen is hit by Noel Acciari and loses puck.
9:02 of 1st period - Penalty to Dustin Jeffrey is over, Dustin Jeffrey is back on ice.
9:16 of 1st period - Nikita Nikitin is hit by Boone Jenner and loses puck.
9:31 of 1st period - Slapshot by Dustin Jeffrey.
9:31 of 1st period - Shot Misses the Net.
10:07 of 1st period - Jacob Trouba is hit by Vojtech Polak and loses puck.
10:43 of 1st period - Icing by Jordan Martinook.
10:44 of 1st period - Vojtech Polak wins face-off versus Stefan Matteau in Knights zone.
10:47 of 1st period - Snap shot by Tomas Kubalik.
10:47 of 1st period - Shot Misses the Net.
10:57 of 1st period - Slapshot by Linden Vey.
10:57 of 1st period - Stopped by Andrew Hammond without a rebound.
10:58 of 1st period - Cody Eakin wins face-off versus Cody Bass in Harfangs zone.
11:25 of 1st period - Icing by Noel Acciari.
11:26 of 1st period - Noel Acciari wins face-off versus Boone Jenner in Knights zone.
11:36 of 1st period - Snap shot by A.J. Jenks.
11:36 of 1st period - Stopped by Andrew Hammond with a rebound.
11:38 of 1st period - Wrist shot by Noel Acciari.
11:38 of 1st period - Stopped by Andrew Hammond without a rebound.
11:39 of 1st period - Cody Eakin wins face-off versus Cody Bass in Harfangs zone.
11:51 of 1st period - Icing by Jimmy Hayes.
11:52 of 1st period - Cody Eakin wins face-off versus Cody Bass in Knights zone.
11:53 of 1st period - Snap shot by Vojtech Polak.
11:53 of 1st period - Stopped by Ben Scrivens with a rebound.
12:41 of 1st period - Boone Jenner is hit by Nikita Nikitin and loses puck.
12:48 of 1st period - Wrist shot by Boone Jenner.
12:48 of 1st period - Shot Misses the Net.
12:50 of 1st period - Wrist shot by Dennis Everberg.
12:50 of 1st period - Shot Blocked by Zach Trotman.
12:57 of 1st period - Icing by Nikita Nikitin.
12:58 of 1st period - Alan Quine wins face-off versus Cody Eakin in Knights zone.
12:58 of 1st period - Alan Quine is hit by Dylan Olsen.
13:08 of 1st period - Wrist shot by Michael Raffl.
13:08 of 1st period - Shot Misses the Net.
13:10 of 1st period - Snap shot by Michael Raffl.
13:10 of 1st period - Stopped by Andrew Hammond without a rebound.
13:11 of 1st period - Cody Bass wins face-off versus Cody Eakin in Harfangs zone.
13:12 of 1st period - Snap shot by Michael Raffl.
13:12 of 1st period - Goal by Michael Raffl - Knights : 1 - Harfangs : 1.
13:13 of 1st period - Cody Bass wins face-off versus Cody Eakin in neutral zone.
13:35 of 1st period - Icing by Cody Eakin.
13:36 of 1st period - Noel Acciari wins face-off versus Cody Eakin in Harfangs zone.
13:37 of 1st period - Wrist shot by Kevin Hayes.
13:37 of 1st period - Stopped by Andrew Hammond with a rebound.
13:44 of 1st period - Icing by Vojtech Polak.
13:45 of 1st period - Cody Eakin wins face-off versus Noel Acciari in Harfangs zone.
14:03 of 1st period - Cody Eakin is hit by Nikita Nikitin and loses puck.
14:18 of 1st period - Snap shot by Cody Eakin.
14:18 of 1st period - Stopped by Ben Scrivens without a rebound.
14:19 of 1st period - Calle Jarnkrok wins face-off versus Cody Bass in Knights zone.
14:20 of 1st period - Wrist shot by Dustin Jeffrey.
14:20 of 1st period - Stopped by Ben Scrivens without a rebound.
14:21 of 1st period - Cody Bass wins face-off versus Calle Jarnkrok in Knights zone.
14:36 of 1st period - Wrist shot by Jimmy Hayes.
14:36 of 1st period - Shot Misses the Net.
15:33 of 1st period - Slapshot by Andreas Martinsen.
15:33 of 1st period - Stopped by Ben Scrivens without a rebound.
15:34 of 1st period - Calle Jarnkrok wins face-off versus Cody Bass in Knights zone.
15:38 of 1st period - Wrist shot by Dustin Jeffrey.
15:38 of 1st period - Shot Blocked by Nikita Nikitin.
15:40 of 1st period - Slapshot by Calle Jarnkrok.
15:40 of 1st period - Stopped by Ben Scrivens without a rebound.
15:41 of 1st period - Calle Jarnkrok wins face-off versus Cody Bass in Knights zone.
15:42 of 1st period - Snap shot by Dustin Jeffrey.
15:42 of 1st period - Stopped by Ben Scrivens with a rebound.
15:44 of 1st period - Slapshot by Nathan Beaulieu.
15:44 of 1st period - Stopped by Ben Scrivens without a rebound.
15:45 of 1st period - Cody Bass wins face-off versus Cody Eakin in Knights zone.
15:45 of 1st period - Cody Bass is hit by Tomas Kubalik.
16:11 of 1st period - Jared Spurgeon is hit by Dustin Jeffrey.
16:17 of 1st period - Wrist shot by Dustin Jeffrey.
16:17 of 1st period - Shot Misses the Net.
16:31 of 1st period - Snap shot by Dennis Everberg.
16:31 of 1st period - Shot Misses the Net.
16:33 of 1st period - Snap shot by Brandon Saad.
16:33 of 1st period - Goal by Brandon Saad - Knights : 1 - Harfangs : 2.
16:34 of 1st period - Cody Bass wins face-off versus Cody Eakin in neutral zone.
16:36 of 1st period - Off-side.
16:37 of 1st period - Vojtech Polak wins face-off versus Cody Bass in neutral zone.
16:48 of 1st period - Brian Lashoff is hit by Jimmy Hayes and loses puck.
17:11 of 1st period - Snap shot by Brandon Pirri.
17:11 of 1st period - Goal by Brandon Pirri - Knights : 1 - Harfangs : 3.
17:12 of 1st period - Cody Bass wins face-off versus Cody Eakin in neutral zone.
17:25 of 1st period - Wrist shot by Vojtech Polak.
17:25 of 1st period - Stopped by Ben Scrivens with a rebound.
17:43 of 1st period - Snap shot by Dustin Jeffrey.
17:43 of 1st period - Stopped by Ben Scrivens with a rebound.
17:51 of 1st period - Snap shot by A.J. Jenks.
17:51 of 1st period - Shot Misses the Net.
18:10 of 1st period - Wrist shot by Brandon Saad.
18:10 of 1st period - Shot Hit the Post.
18:12 of 1st period - Slapshot by Dylan Olsen.
18:12 of 1st period - Shot Blocked by Stefan Matteau.
18:41 of 1st period - Jacob Trouba is hit by Vojtech Polak and loses puck.
18:56 of 1st period - Tomas Kubalik is hit by Jacob Trouba and loses puck.
19:15 of 1st period - Scott Jackson is hit by Alex Plante and loses puck.
19:26 of 1st period - Snap shot by Jimmy Hayes.
19:26 of 1st period - Goal by Jimmy Hayes - Knights : 2 - Harfangs : 3.
19:27 of 1st period - Noel Acciari wins face-off versus Cody Eakin in neutral zone.
19:30 of 1st period - Slapshot by Noel Acciari.
19:30 of 1st period - Stopped by Andrew Hammond with a rebound.
19:32 of 1st period - Wrist shot by Kevin Hayes.
19:32 of 1st period - Stopped by Andrew Hammond with a rebound.
19:36 of 1st period - Snap shot by Kevin Hayes.
19:36 of 1st period - Shot Misses the Net.
19:38 of 1st period - Slapshot by Jared Spurgeon.
19:38 of 1st period - Stopped by Andrew Hammond without a rebound.
19:39 of 1st period - Calle Jarnkrok wins face-off versus Noel Acciari in Harfangs zone.
Goals for this period are 2 for Knights vs 3 for Harfangs.
Shots for this period are 11 for Knights vs 16 for Harfangs.

2nd period


0:01 of 2nd period - Tomas Kubalik wins face-off versus Cody Bass in neutral zone.
0:06 of 2nd period - Snap shot by Vojtech Polak.
0:06 of 2nd period - Stopped by Ben Scrivens with a rebound.
0:30 of 2nd period - Slapshot by Kevin Hayes.
0:30 of 2nd period - Shot Blocked by Brandon Pirri.
0:32 of 2nd period - Slapshot by Tomas Kundratek.
0:32 of 2nd period - Stopped by Andrew Hammond with a rebound.
0:34 of 2nd period - Wrist shot by Jared Spurgeon.
0:34 of 2nd period - Deflect By Noel Acciari.
0:34 of 2nd period - Stopped by Andrew Hammond without a rebound.
0:35 of 2nd period - Calle Jarnkrok wins face-off versus Noel Acciari in Harfangs zone.
0:43 of 2nd period - Snap shot by A.J. Jenks.
0:43 of 2nd period - Shot Misses the Net.
1:01 of 2nd period - Cody Bass is hit by Cody Eakin and loses puck.
1:30 of 2nd period - Dennis Everberg is hit by Linden Vey and loses puck.
1:45 of 2nd period - Kevin Hayes is hit by Andreas Martinsen and loses puck.
2:18 of 2nd period - Minor Penalty to Calle Jarnkrok for Elbowing.
2:19 of 2nd period - Cody Bass wins face-off versus Cody Eakin in Harfangs zone.
2:36 of 2nd period - Cody Eakin is hit by Jimmy Hayes and loses puck.
2:51 of 2nd period - Snap shot by Tomas Kundratek.
2:51 of 2nd period - Deflect By Brian Lashoff.
2:51 of 2nd period - Stopped by Andrew Hammond without a rebound.
2:52 of 2nd period - Kevin Hayes wins face-off versus Tomas Kubalik in Harfangs zone.
2:53 of 2nd period - Backhand shot by A.J. Jenks.
2:53 of 2nd period - Goal by A.J. Jenks - Knights : 3 - Harfangs : 3.
2:54 of 2nd period - Cody Eakin wins face-off versus Cody Bass in neutral zone.
3:52 of 2nd period - Jacob Trouba is hit by Boone Jenner and loses puck.
4:05 of 2nd period - Snap shot by Linden Vey.
4:05 of 2nd period - Stopped by Andrew Hammond without a rebound.
4:06 of 2nd period - Cody Eakin wins face-off versus Stefan Matteau in Harfangs zone.
4:36 of 2nd period - Snap shot by Tomas Kubalik.
4:36 of 2nd period - Stopped by Ben Scrivens with a rebound.
4:38 of 2nd period - Snap shot by Cody Eakin.
4:38 of 2nd period - Stopped by Ben Scrivens with a rebound.
4:40 of 2nd period - Backhand shot by Vojtech Polak.
4:40 of 2nd period - Shot Misses the Net.
5:13 of 2nd period - Slapshot by Victor Bartley.
5:13 of 2nd period - Stopped by Ben Scrivens with a rebound.
5:15 of 2nd period - Snap shot by Vojtech Polak.
5:15 of 2nd period - Stopped by Ben Scrivens with a rebound.
5:17 of 2nd period - Wrist shot by Cody Eakin.
5:17 of 2nd period - Stopped by Ben Scrivens without a rebound.
5:18 of 2nd period - Calle Jarnkrok wins face-off versus Cody Bass in Knights zone.
5:19 of 2nd period - Snap shot by Dustin Jeffrey.
5:19 of 2nd period - Goal by Dustin Jeffrey - Knights : 3 - Harfangs : 4.
5:20 of 2nd period - Cody Bass wins face-off versus Calle Jarnkrok in neutral zone.
6:04 of 2nd period - Snap shot by Michal Repik.
6:04 of 2nd period - Stopped by Ben Scrivens without a rebound.
6:05 of 2nd period - Angelo Esposito wins face-off versus Alan Quine in Knights zone.
6:06 of 2nd period - Snap shot by Andreas Martinsen.
6:06 of 2nd period - Shot Misses the Net.
6:08 of 2nd period - Snap shot by Nathan Beaulieu.
6:08 of 2nd period - Shot Misses the Net.
6:10 of 2nd period - Snap shot by Andreas Martinsen.
6:10 of 2nd period - Stopped by Ben Scrivens with a rebound.
6:20 of 2nd period - Snap shot by Andreas Martinsen.
6:20 of 2nd period - Deflect By Angelo Esposito.
6:20 of 2nd period - Shot Misses the Net.
6:20 of 2nd period - Puck is out of play.
6:21 of 2nd period - Cody Eakin wins face-off versus Cody Bass in Knights zone.
6:27 of 2nd period - Zach Trotman is hit by Reid McNeill and loses puck.
6:32 of 2nd period - Wrist shot by Michael Raffl.
6:32 of 2nd period - Stopped by Andrew Hammond with a rebound.
6:34 of 2nd period - Wrist shot by Nikita Nikitin.
6:34 of 2nd period - Stopped by Andrew Hammond with a rebound.
6:36 of 2nd period - Slapshot by Nikita Nikitin.
6:36 of 2nd period - Shot Misses the Net.
6:55 of 2nd period - Snap shot by Noel Acciari.
6:55 of 2nd period - Stopped by Andrew Hammond with a rebound.
7:17 of 2nd period - Wrist shot by Linden Vey.
7:17 of 2nd period - Shot Misses the Net.
7:33 of 2nd period - Slapshot by Andreas Martinsen.
7:33 of 2nd period - Shot Blocked by Nikita Nikitin.
7:35 of 2nd period - Slapshot by Andreas Martinsen.
7:35 of 2nd period - Stopped by Ben Scrivens with a rebound.
7:37 of 2nd period - Slapshot by Dylan Olsen.
7:37 of 2nd period - Stopped by Ben Scrivens without a rebound.
7:38 of 2nd period - Cody Eakin wins face-off versus Cody Bass in Knights zone.
8:03 of 2nd period - Calle Jarnkrok is hit by Tomas Kundratek and loses puck.
8:57 of 2nd period - Snap shot by Tom Wilson.
8:57 of 2nd period - Shot Hit the Post.
9:05 of 2nd period - Brian Lashoff is hit by Tom Wilson and loses puck.
9:18 of 2nd period - Slapshot by Jared Spurgeon.
9:18 of 2nd period - Stopped by Andrew Hammond with a rebound.
9:34 of 2nd period - Slapshot by Brian Lashoff.
9:34 of 2nd period - Stopped by Ben Scrivens with a rebound.
9:36 of 2nd period - Wrist shot by Boone Jenner.
9:36 of 2nd period - Shot Misses the Net.
9:38 of 2nd period - Backhand shot by Brian Lashoff.
9:38 of 2nd period - Stopped by Ben Scrivens without a rebound.
9:39 of 2nd period - Cody Bass wins face-off versus Cody Eakin in Knights zone.
10:20 of 2nd period - Snap shot by Jimmy Hayes.
10:20 of 2nd period - Shot Misses the Net.
10:22 of 2nd period - Slapshot by Jimmy Hayes.
10:22 of 2nd period - Stopped by Andrew Hammond with a rebound.
10:24 of 2nd period - Slapshot by Jaccob Slavin.
10:24 of 2nd period - Stopped by Andrew Hammond without a rebound.
10:25 of 2nd period - Kevin Hayes wins face-off versus Calle Jarnkrok in Harfangs zone.
10:36 of 2nd period - Slapshot by Tomas Kundratek.
10:36 of 2nd period - Goal by Tomas Kundratek - Knights : 4 - Harfangs : 4.
10:37 of 2nd period - Cody Eakin wins face-off versus Cody Bass in neutral zone.
11:19 of 2nd period - Double Minor Penalty to Zach Trotman for High sticking.
11:20 of 2nd period - Jimmy Hayes wins face-off versus Cody Eakin in Knights zone.
11:25 of 2nd period - Slapshot by Tomas Kundratek.
11:25 of 2nd period - Shot Blocked by Vojtech Polak.
11:27 of 2nd period - Slapshot by Jared Spurgeon.
11:27 of 2nd period - Shot Blocked by Tomas Kubalik.
13:15 of 2nd period - Snap shot by Dennis Everberg.
13:15 of 2nd period - Stopped by Ben Scrivens with a rebound.
13:17 of 2nd period - Wrist shot by Dylan Olsen.
13:17 of 2nd period - Stopped by Ben Scrivens with a rebound.
13:21 of 2nd period - Slapshot by Nathan Beaulieu.
13:21 of 2nd period - Shot Misses the Net.
13:23 of 2nd period - Slapshot by Nathan Beaulieu.
13:23 of 2nd period - Stopped by Ben Scrivens with a rebound.
14:41 of 2nd period - Brian Lashoff is hit by Cody Bass and loses puck.
15:09 of 2nd period - Jacob Trouba is hit by Cody Eakin and loses puck.
15:19 of 2nd period - Penalty to Zach Trotman is over, Zach Trotman is back on ice.
15:30 of 2nd period - Backhand shot by Tomas Kubalik.
15:30 of 2nd period - Stopped by Ben Scrivens without a rebound.
15:31 of 2nd period - Linden Vey wins face-off versus Boone Jenner in Knights zone.
16:02 of 2nd period - Snap shot by Noel Acciari.
16:02 of 2nd period - Shot Blocked by Mark Alt.
16:35 of 2nd period - Off-side.
16:36 of 2nd period - Boone Jenner wins face-off versus Cody Bass in neutral zone.
16:51 of 2nd period - Wrist shot by Dennis Everberg.
16:51 of 2nd period - Stopped by Ben Scrivens with a rebound.
17:03 of 2nd period - Brandon Saad is hit by Jared Spurgeon and loses puck.
17:12 of 2nd period - Slapshot by Zach Trotman.
17:12 of 2nd period - Deflect By Boone Jenner.
17:12 of 2nd period - Stopped by Andrew Hammond with a rebound.
17:14 of 2nd period - Slapshot by Nikita Nikitin.
17:14 of 2nd period - Shot Misses the Net.
17:16 of 2nd period - Wrist shot by Scott Wilson.
17:16 of 2nd period - Stopped by Andrew Hammond with a rebound.
17:38 of 2nd period - Brandon Pirri is hit by Stefan Matteau and loses puck.
18:25 of 2nd period - Minor Penalty to Alex Plante for Hooking.
18:26 of 2nd period - Cody Eakin wins face-off versus Cody Bass in Harfangs zone.
19:03 of 2nd period - Wrist shot by Kevin Hayes.
19:03 of 2nd period - Stopped by Andrew Hammond without a rebound.
19:04 of 2nd period - Noel Acciari wins face-off versus Tomas Kubalik in Harfangs zone.
19:09 of 2nd period - Snap shot by Kevin Hayes.
19:09 of 2nd period - Goal by Kevin Hayes - Knights : 5 - Harfangs : 4.
19:10 of 2nd period - Cody Bass wins face-off versus Vojtech Polak in neutral zone.
19:47 of 2nd period - Snap shot by Noel Acciari.
19:47 of 2nd period - Shot Blocked by Victor Bartley.
Goals for this period are 3 for Knights vs 1 for Harfangs.
Shots for this period are 16 for Knights vs 18 for Harfangs.

3rd period


0:01 of 3rd period - Michael Raffl wins face-off versus Cody Eakin in neutral zone.
1:12 of 3rd period - Snap shot by Tom Wilson.
1:12 of 3rd period - Shot Blocked by Victor Bartley.
1:46 of 3rd period - Dylan Olsen is hit by Noel Acciari and loses puck.
2:10 of 3rd period - Wrist shot by Brandon Saad.
2:10 of 3rd period - Stopped by Ben Scrivens without a rebound.
2:11 of 3rd period - Cody Eakin wins face-off versus Cody Bass in Knights zone.
2:22 of 3rd period - Slapshot by Tomas Kubalik.
2:22 of 3rd period - Shot Misses the Net.
2:24 of 3rd period - Slapshot by Mark Alt.
2:24 of 3rd period - Shot Misses the Net.
2:32 of 3rd period - Minor Penalty to Cody Bass for Hooking.
2:33 of 3rd period - Jimmy Hayes wins face-off versus Cody Eakin in Knights zone.
3:42 of 3rd period - Jimmy Hayes is hit by Vojtech Polak and loses puck.
4:32 of 3rd period - Penalty to Cody Bass is over, Cody Bass is back on ice.
5:03 of 3rd period - Noel Acciari is hit by Andreas Martinsen and loses puck.
5:40 of 3rd period - Dustin Jeffrey is hit by Linden Vey and loses puck.
7:36 of 3rd period - Wrist shot by Brandon Pirri.
7:36 of 3rd period - Shot Blocked by Jacob Trouba.
7:40 of 3rd period - Snap shot by Calle Jarnkrok.
7:40 of 3rd period - Shot Misses the Net.
8:10 of 3rd period - Michael Raffl is hit by Mark Alt and loses puck.
8:19 of 3rd period - Wrist shot by Michal Repik.
8:19 of 3rd period - Stopped by Ben Scrivens with a rebound.
9:30 of 3rd period - Jimmy Hayes is hit by Angelo Esposito and loses puck.
9:53 of 3rd period - Slapshot by Linden Vey.
9:53 of 3rd period - Stopped by Andrew Hammond without a rebound.
9:54 of 3rd period - Noel Acciari wins face-off versus Cody Eakin in Harfangs zone.
10:03 of 3rd period - Snap shot by A.J. Jenks.
10:03 of 3rd period - Stopped by Andrew Hammond with a rebound.
10:05 of 3rd period - Wrist shot by A.J. Jenks.
10:05 of 3rd period - Goal by A.J. Jenks - Knights : 6 - Harfangs : 4.
10:06 of 3rd period - Cody Eakin wins face-off versus Cody Bass in neutral zone.
10:11 of 3rd period - Jimmy Hayes is hit by Vojtech Polak and loses puck.
10:36 of 3rd period - Backhand shot by Kevin Hayes.
10:36 of 3rd period - Stopped by Andrew Hammond with a rebound.
10:40 of 3rd period - Backhand shot by Kevin Hayes.
10:40 of 3rd period - Shot Misses the Net.
10:42 of 3rd period - Snap shot by Kevin Hayes.
10:42 of 3rd period - Stopped by Andrew Hammond without a rebound.
10:43 of 3rd period - Stefan Matteau wins face-off versus Cody Eakin in Harfangs zone.
10:47 of 3rd period - Minor Penalty to Dylan Olsen for Interference.
10:48 of 3rd period - Cody Eakin wins face-off versus Cody Bass in Harfangs zone.
10:58 of 3rd period - Slapshot by Cody Eakin.
10:58 of 3rd period - Shot Blocked by Jared Spurgeon.
11:11 of 3rd period - Icing by Cody Bass.
11:12 of 3rd period - Vojtech Polak wins face-off versus Cody Bass in Knights zone.
11:21 of 3rd period - Slapshot by Cody Bass.
11:21 of 3rd period - Shot Hit the Post.
11:23 of 3rd period - Snap shot by Jimmy Hayes.
11:23 of 3rd period - Stopped by Andrew Hammond with a rebound.
11:25 of 3rd period - Slapshot by Tomas Kundratek.
11:25 of 3rd period - Shot Misses the Net.
11:27 of 3rd period - Snap shot by Cody Bass.
11:27 of 3rd period - Deflect By Jimmy Hayes.
11:27 of 3rd period - Shot Blocked by Cody Eakin.
11:27 of 3rd period - Puck is out of play.
11:28 of 3rd period - Cody Eakin wins face-off versus Noel Acciari in Harfangs zone.
11:37 of 3rd period - Wrist shot by Noel Acciari.
11:37 of 3rd period - Shot Misses the Net.
11:39 of 3rd period - Snap shot by Kevin Hayes.
11:39 of 3rd period - Deflect By A.J. Jenks.
11:39 of 3rd period - Shot Blocked by Cody Eakin.
11:39 of 3rd period - Puck is out of play.
11:40 of 3rd period - Cody Bass wins face-off versus Cody Eakin in Harfangs zone.
12:05 of 3rd period - Victor Bartley is hit by Jared Spurgeon.
12:23 of 3rd period - Slapshot by Tomas Kundratek.
12:23 of 3rd period - Shot Blocked by Tomas Kubalik.
12:25 of 3rd period - Snap shot by Michael Raffl.
12:25 of 3rd period - Shot Misses the Net.
12:27 of 3rd period - Slapshot by Tomas Kundratek.
12:27 of 3rd period - Deflect By Nathan Beaulieu.
12:27 of 3rd period - Stopped by Andrew Hammond with a rebound.
12:29 of 3rd period - Backhand shot by Michael Raffl.
12:29 of 3rd period - Shot Misses the Net.
12:31 of 3rd period - Wrist shot by Cody Bass.
12:31 of 3rd period - Stopped by Andrew Hammond with a rebound.
12:33 of 3rd period - Snap shot by Cody Bass.
12:33 of 3rd period - Stopped by Andrew Hammond with a rebound.
12:35 of 3rd period - Backhand shot by Tomas Kundratek.
12:35 of 3rd period - Goal by Tomas Kundratek - Knights : 7 - Harfangs : 4.
12:36 of 3rd period - Noel Acciari wins face-off versus Calle Jarnkrok in neutral zone.
12:39 of 3rd period - Brian Lashoff is hit by A.J. Jenks and loses puck.
15:36 of 3rd period - Slapshot by Vojtech Polak.
15:36 of 3rd period - Deflect By Cody Eakin.
15:36 of 3rd period - Stopped by Ben Scrivens with a rebound.
15:38 of 3rd period - Minor Penalty to Kevin Hayes for Delaying the game.
15:39 of 3rd period - Cody Eakin wins face-off versus Jimmy Hayes in Knights zone.
15:44 of 3rd period - Snap shot by Vojtech Polak.
15:44 of 3rd period - Stopped by Ben Scrivens without a rebound.
15:45 of 3rd period - Jimmy Hayes wins face-off versus Cody Eakin in Knights zone.
15:59 of 3rd period - Brian Lashoff is hit by Jimmy Hayes.
16:00 of 3rd period - Icing by Brian Lashoff.
16:01 of 3rd period - Cody Eakin wins face-off versus Jimmy Hayes in Harfangs zone.
16:20 of 3rd period - Snap shot by Cody Eakin.
16:20 of 3rd period - Shot Misses the Net.
16:54 of 3rd period - Snap shot by Vojtech Polak.
16:54 of 3rd period - Shot Misses the Net.
17:10 of 3rd period - Zach Trotman is hit by Vojtech Polak and loses puck.
17:19 of 3rd period - Snap shot by Vojtech Polak.
17:19 of 3rd period - Stopped by Ben Scrivens without a rebound.
17:20 of 3rd period - Jimmy Hayes wins face-off versus Calle Jarnkrok in Knights zone.
17:33 of 3rd period - Slapshot by Brandon Pirri.
17:33 of 3rd period - Stopped by Ben Scrivens without a rebound.
17:34 of 3rd period - Cody Bass wins face-off versus Brandon Pirri in Knights zone.
17:34 of 3rd period - Cody Bass is hit by Calle Jarnkrok.
17:38 of 3rd period - Penalty to Kevin Hayes is over, Kevin Hayes is back on ice.
18:04 of 3rd period - Wrist shot by Jordan Martinook.
18:04 of 3rd period - Deflect By Linden Vey.
18:04 of 3rd period - Stopped by Andrew Hammond without a rebound.
18:05 of 3rd period - Stefan Matteau wins face-off versus Boone Jenner in Harfangs zone.
18:06 of 3rd period - Wrist shot by Linden Vey.
18:06 of 3rd period - Shot Misses the Net.
18:08 of 3rd period - Slapshot by Zach Trotman.
18:08 of 3rd period - Stopped by Andrew Hammond with a rebound.
18:10 of 3rd period - Wrist shot by Jordan Martinook.
18:10 of 3rd period - Goal by Jordan Martinook - Knights : 8 - Harfangs : 4.
18:11 of 3rd period - Cody Eakin wins face-off versus Cody Bass in neutral zone.
19:05 of 3rd period - Snap shot by Dennis Everberg.
19:05 of 3rd period - Shot Misses the Net.
19:07 of 3rd period - Snap shot by Brandon Saad.
19:07 of 3rd period - Shot Misses the Net.
19:52 of 3rd period - Off-side.
19:53 of 3rd period - Calle Jarnkrok wins face-off versus Cody Bass in neutral zone.
Goals for this period are 3 for Knights vs 0 for Harfangs.
Shots for this period are 13 for Knights vs 6 for Harfangs.